 Dungeon Crawl Stone Soup version 0.26.1-11-gd32895ea62 (webtiles) character file.

Game seed: 1815852083507887030

184 infcreate the Shield-Bearer (level 5, -5/34 HPs)
             Began as a Gargoyle Fighter on May 17, 2021.
             Slain by Menkaure (16 damage)
             ... on level 4 of the Dungeon.
             The game lasted 00:05:54 (3562 turns).

infcreate the Shield-Bearer (Gargoyle Fighter)      Turns: 3562, Time: 00:05:55

Health: -5/34      AC: 11    Str: 20    XL:     5   Next: 63%
Magic:  5/5        EV:  7    Int:  9    God:
Gold:   165        SH:  9    Dex:  9    Spells: 4/4 levels left

rFire    . . .     SeeInvis .   a - +0 flail
rCold    . . .     Faith    .   c - +0 kite shield
rNeg     + . .     Spirit   .   b - +0 scale mail
rPois    ∞         Reflect  .   g - +0 hat
rElec    +         Harm     .   (no cloak)
rCorr    .         Rampage  .   (no gloves)
Will     .....                  (no boots)
Stlth    ..........             (no amulet)
HPRegen  0.11/turn              (no ring)
MPRegen  0.09/turn              (no ring)

@: no status effects
A: negative energy resistance 1, electricity resistance, unbreathing,
petrification resistance, miasma immunity, AC +4
a: no special abilities


You were on level 4 of the Dungeon.
You visited 1 branch of the dungeon, and saw 4 of its levels.

You collected 165 gold pieces.


Innate Abilities, Weirdness & Mutations

You are resistant to torment.
Your stone body is resilient. (AC +4)
You are immune to poison.
You resist negative energy. (rN+)
You are resistant to electric shocks. (rElec)
You can survive without breathing.
You are immune to petrification.
You are immune to miasma.


   Skills:
 + Level 4.3 Fighting
 + Level 3.3 Maces & Flails
 + Level 4.3 Armour
 + Level 4.4 Shields


You had 4 spell levels left.
You didn't know any spells.
Your spell library was empty.

Inventory:

Hand Weapons
 a - a +0 flail (weapon)
Armour
 b - a +0 scale mail (worn)
 c - a +0 kite shield (worn)
 g - a +0 hat (worn)
Wands
 l - a wand of flame (11)
Scrolls
 m - a scroll of identify {@r1}
Potions
 d - 3 potions of might
 e - a potion of flight {unknown}
 f - 2 potions of degeneration {unknown}
 h - a potion of haste {unknown}
 i - 6 potions of curing {@q1}
 j - a potion of cancellation {unknown}
 k - a potion of berserk rage {unknown}
 n - a potion of attraction {unknown}

Dungeon Overview and Level Annotations

Branches:
Dungeon (4/15)
 Temple: D:4-7

Altars:
Nemelex Xobeh
Ru
Trog

Annotations:
D:4 Menkaure

**,,,,,,,,,,** *#..##........(.
,,,,,,,,,,#.,* ##...........#,
,,,****,,*#..#** ##...........##.
,*** **,**#....###...........#...
**,***,,***,,#...................
**,....#*,,****#................
*,..M.(,,** ##.###...#........
**......** #..# #..###.####..
*......* ##@## #..# #..# *#.
*......#* #M## #..# ##.## #.
****.......####.# #.## #..###.
*,*,,,#......#.## #.# #..#..)
*,,,,***#.=....# *#.# #....##
,***,* ##.....# *,,* #...## **
*,* #.....#* *,** ##..## *,*
#....#.#***,,**##.##.## ****,***
##..###..,***,,#.####.##


You could see Menkaure (fast).


Message History

You now have 165 gold pieces (gained 10).
Found a notched agate ring.
Menkaure, Prince of Dust comes into view.
Menkaure shouts!
Found 12 stones.
Menkaure mumbles some strange words.
Menkaure seems to speed up.
You start waiting.
Menkaure is nearby!
You hit Menkaure.
Menkaure is lightly damaged.
Menkaure hits you!
You hit Menkaure.
Menkaure is moderately damaged.
Menkaure hits you.
* * * LOW HITPOINT WARNING * * *
Menkaure calls on the powers of darkness!
Your body is wracked with pain!
* * * LOW HITPOINT WARNING * * *
You barely miss Menkaure.
Menkaure is moderately damaged.
Menkaure calls on the powers of darkness!
Your body is wracked with pain!
* * * LOW HITPOINT WARNING * * *
Menkaure barely misses you.
Unknown command.
You hit Menkaure.
Menkaure is heavily damaged.
Menkaure hits you!
You die...

Skill      XL: |  1  2  3  4 |
---------------+-------------+-----
Fighting       | 4 |  4.3
Armour         | 4 |  4.3
Shields        | 4 |  4.4
Maces & Flails | 3 |  3.3

Action                   |  1- 3 |  4- 6 || total
-------------------------+-------+-------++-------
Melee: Flail             |   107 |   159 ||   266
  Use: Scroll            |     3 |     2 ||     5
Armor: Scale mail        |    53 |    64 ||   117
Dodge: Dodged            |    36 |    39 ||    75
Block: Kite shield       |    47 |    84 ||   131

Levels and vault maps discovered:
D:1:      amcnicky_arrival_abandoned_market, layout_basic,
          chequers_hall_statues_wall_a
D:2:      layout_basic, chequers_ecumenical_altar_island
D:3:      layout_loops_ring, lightli_temple_of_fire,
          nicolae_overflow_hidden_temple, serial_rivers,
          chequers_serial_rivers_marsh, chequers_serial_rivers_room_b,
          chequers_serial_rivers_small_a, chequers_serial_rivers_small_a,
          chequers_serial_rivers_micro_d, chequers_serial_rivers_large_a,
          nemelex_xobeh_ov_fountains_minmay
D:4:      layout_layer_cave, ebering_ghost_reflecting_pool, uniq_menkaure

Notes
Turn   | Place    | Note
-------+----------+-------------------------------------------
     0 | D:1      | infcreate the Gargoyle Fighter began the quest for the Orb.
     0 | D:1      | Reached XP level 1. HP: 14/14 MP: 1/1
   194 | D:1      | Reached XP level 2. HP: 19/19 MP: 2/2
   664 | D:1      | Reached XP level 3. HP: 23/23 MP: 3/3
  1364 | D:2      | Found a faded altar of an unknown god.
  1385 | D:2      | Reached XP level 4. HP: 27/29 MP: 4/4
  1609 | D:2      | Reached skill level 4 in Fighting
  1609 | D:2      | Reached skill level 4 in Armour
  1609 | D:2      | Reached skill level 4 in Shields
  2090 | D:3      | Reached skill level 3 in Maces & Flails
  2143 | D:3      | Found a bloodstained altar of Trog.
  2232 | D:3      | Reached XP level 5. HP: 33/33 MP: 5/5
  2250 | D:3      | Found a sparkling altar of Nemelex Xobeh.
  2395 | D:3      | Found a sacrificial altar of Ru.
  3547 | D:4      | Noticed Menkaure
  3562 | D:4      | Slain by Menkaure

Vanquished Creatures
  A hound (D:3)
  4 gnolls (D:2)
  3 adders
  2 worms (D:3)
  3 dart slugs (D:1)
  2 leopard geckos
  12 orcs
  2 giant cockroaches (D:3)
  9 goblins
  6 hobgoblins
  A quokka (D:4)
  2 ball pythons
  5 bats
  4 frilled lizards
  2 kobolds
  8 rats
66 creatures vanquished.

Table legend: (Time is in decaauts)
 A = Elapsed time spent in this place.
 B = Non-inter-level travel time spent in this place.
 C = Inter-level travel time spent in this place.
 D = Time resting spent in this place.
 E = Time spent auto-exploring this place.
 F = Levels seen in this place.
 G = Mean time per level.
                   A        B        C        D        E       F      G
               +--------+--------+--------+--------+--------+-----+--------+
         Total |   3680 |   3600 |     80 |     42 |   2866 |   4 |  920.0 |
       Dungeon |   3680 |   3600 |     80 |     42 |   2866 |   4 |  920.0 |
               +--------+--------+--------+--------+--------+-----+--------+

Top non-repeatable levels by time:
     D:3: 1127 daAuts
     D:2: 1063 daAuts
     D:1: 936 daAuts
     D:4: 553 daAuts

Table legend:
 A = Non-vault XP
 B = Vault XP
 C = Vault XP percentage of total XP
 D = Non-vault monster count
 E = Vault monster count
 F = Vault count percentage of total count
                 A         B        C        D         E       F
            +---------+---------+-------+---------+---------+-------
      Total |     263 |       0 |   0.0 |      66 |       0 |   0.0
            +---------+---------+-------+---------+---------+-------
        D:1 |      41 |       0 |   0.0 |      22 |       0 |   0.0
        D:2 |      84 |       0 |   0.0 |      14 |       0 |   0.0
        D:3 |     102 |       0 |   0.0 |      21 |       0 |   0.0
        D:4 |      36 |       0 |   0.0 |       9 |       0 |   0.0
            +---------+---------+-------+---------+---------+-------
